 Dungeon Crawl Stone Soup version bcrawl-1.19.2-6-g6a88ae04c9 (webtiles) character file.

Game seed: 632965767055030753

4126 Mrkan the Skirmisher (level 10, 0/102 HPs)
             Began as a Troll Fighter on Dec 21, 2019.
             Was a Believer of Yredelemnul.
             Slain by a death yak (8 damage)
             ... on level 7 of the Dungeon.
             The game lasted 00:09:37 (5533 turns).

Mrkan the Skirmisher (Troll Fighter)                Turns: 5533, Time: 00:09:38

Health: 0/102      AC:  8    Str: 31    XL:     10   Next: 6%
Magic:  13/13      EV:  9    Int:  8    God:    Yredelemnul [**....]
Gold:   298        SH: 10    Dex:  9    Spells: 9/9 levels left

rFire    . . .     SeeInvis .     - Unarmed
rCold    . . .     Gourm    +   a - +0 shield
rNeg     . . .     Faith    .   (armour unavailable)
rPois    .         Spirit   .   (helmet restricted)
rElec    .         Reflect  .   (no cloak)
rCorr    .         Harm     .   (gloves unavailable)
MR       .....                  (boots unavailable)
Stlth    +.........             (no amulet)
HPRegen  0.67/turn              (no ring)
MPRegen  0.13/turn              (no ring)

@: mighty
A: large, almost no armour, unfitting armour, claws 3, fast metabolism 3,
gourmand, regeneration 1, AC +8
a: Animate Remains, Recall Undead Slaves, Injury Mirror, Renounce Religion


You were on level 7 of the Dungeon.
You worshipped Yredelemnul.
Yredelemnul was pleased with you.
You were completely stuffed.

You visited 1 branch of the dungeon, and saw 7 of its levels.

You collected 535 gold pieces.
You spent 237 gold pieces at shops.

Inventory:

Hand Weapons
 u - a +0 morningstar
 A - the +7 lajatang of Order {silver, rMut}
   (You found it on level 6 of the Dungeon)

   It protects you from mutation.
Missiles
 l - a throwing net (quivered) {!f}
Armour
 a - a +0 shield (worn)
 s - the +0 cloak "Bystez" {Str+5 Slay-3, unknown}
   (You bought it in a shop on level 4 of the Dungeon)

   It affects your strength (+5).
   It affects your accuracy and damage with ranged weapons and melee attacks
   (-3).
 x - a +0 hat
Jewellery
 d - an uncursed ring of resist corrosion {unknown}
 r - an uncursed ring of see invisible {unknown}
 v - a cursed ring of attention {unknown}
 y - an uncursed ring of positive energy {unknown}
Wands
 m - a wand of digging (10)
 w - a wand of iceblast (13)
Scrolls
 e - 5 scrolls of identify {unknown}
 f - 4 scrolls of teleportation {unknown}
 h - 2 scrolls of immolation {unknown}
 i - 8 scrolls of enchant armour {unknown}
 j - 2 scrolls of magic mapping {unknown}
 o - 4 scrolls of remove curse {unknown}
 q - 2 scrolls of enchant weapon {unknown}
Potions
 g - 5 potions of curing
 k - 2 potions of heal wounds
 n - 2 potions of flight {unknown}
 p - a potion of invisibility {unknown}
 t - a potion of agility {unknown}
 B - a potion of haste {unknown}
Comestibles
 c - 18 rations {!d}


   Skills:
 * Level 7.5 Fighting
 - Level 2.4 Dodging
 + Level 5.7 Shields
 - Level 7.2 Unarmed Combat
 + Level 5.8 Invocations


You had 9 spell levels left.
You didn't know any spells.
Your spell library contained the following spells:

 Spells                   Type           Power        Failure   Level  Hunger
 Magic Dart               Conj           #...         65%         1    ##.....
 Searing Ray              Conj           #.......     78%         2    ###....
 Iskenderun's Mystic Bla  Conj           #.......     95%         3    ####...
 Fulminant Prism          Conj/Hex       #.........   100%        4    #####..
 Irradiate                Conj/Tmut      #.........   100%        5    ######.


Dungeon Overview and Level Annotations

Branches:
Dungeon (7/12)             Temple (0/1) D:4
   Lair: D:7-9

Altars:
Dithmenos
Fedhas
Gozag
Kikubaaqudgha
Yredelemnul
Zin

Shops:
D:4 [   D:5 :


Innate Abilities, Weirdness & Mutations

You cannot wear most types of armour.
Your thick skin is tough. (AC +8)
You are too large for most types of armour.
You have claws for hands.
Your metabolism is lightning-fast.
You like to eat raw meat.
Your natural rate of healing is unusually fast.


Message History

You claw the death yak!
The death yak is severely wounded.
You block the death yak's attack.
You mangle the death yak!!
You kill the death yak!
Yredelemnul accepts your kill.
You have reached level 10!
The death yak barely misses you.
All of the chunks of flesh in your inventory have rotted away.
You mangle the death yak!!
The death yak is moderately wounded.
The yak barely misses you. The death yak gores you!!
* * * LOW HITPOINT WARNING * * *
The death yak gores you but does no damage.
You scratch the death yak.
The death yak is moderately wounded.
The yak gores you but does no damage. The death yak barely misses you.
The death yak gores you!
You die...
Your body rises from the dead as a mindless zombie.

###.#.....### ...###
###.....########....#
............p.##......#
.....................^#
..(........###.......##
............###...##..##
..............#...##z..#
.#.......###..[YYY##z.##
#......## #####@..#).##
#.......### ##......#
##.........### #.[....#
.#.........#.#####)....#
................##..####
#..............##..##
#.......###........##
#.......###..#......#
##..)........##.....#


You could see 2 death yaks and a yak.

Vanquished Creatures
  A death yak (D:7)
  2 sky beasts (D:4)
  An ice beast (D:6)
  An orc warrior (D:3)
  A phantom (D:4)
  2 ogres (D:5)
  A centaur (D:5)
  3 bullfrogs
  2 big kobolds (D:6)
  2 scorpions
  9 wights
  A crimson imp (D:6)
  A bullfrog skeleton (D:4)
  A jelly (D:6)
  2 orc priests
  A hound (D:7)
  An orc wizard (D:3)
  2 centaur skeletons (D:5)
  3 iguanas
  5 worker ants
  A hound skeleton (D:4)
  5 gnolls
  6 adders
  An adder zombie (D:3)
  An ooze (D:3)
  An adder skeleton (D:5)
  4 worms
  5 dart slugs
  2 leopard geckos (D:2)
  16 orcs
  7 bats
  4 giant cockroaches
  9 hobgoblins
  19 jackals
  A quokka (D:2)
  5 frilled lizards
  4 goblins
  11 kobolds
  7 rats
151 creatures vanquished.

Vanquished Creatures (collateral kills)
  Pikel (D:7)
  Joseph (D:7)
  A troll (D:7)
  A shadow (D:6)
  2 yaks (D:7)
  A basilisk (shapeshifter) (D:6)
  A slave (D:7)
  An ice beast (D:5)
  3 wights
  An iguana (D:6)
  2 worker ants (D:6)
  A hound skeleton (D:7)
  A gnoll (D:7)
  A howler monkey skeleton (D:5)
  An orc (D:6)
  2 quokkas (D:6)
21 creatures vanquished.

Vanquished Creatures (others)
  2 flying skulls (D:7)
  A slave (D:7)
  2 wights (D:7)
5 creatures vanquished.

Grand Total: 177 creatures vanquished

Notes
Turn   | Place    | Note
-------+----------+-------------------------------------------
     0 | D:1      | Mrkan the Troll Fighter began the quest for the Orb.
     0 | D:1      | Reached XP level 1. HP: 22/22 MP: 0/0
   134 | D:1      | Reached XP level 2. HP: 28/29 MP: 1/1
   642 | D:1      | Reached XP level 3. HP: 36/36 MP: 2/2
  1261 | D:2      | Gained mutation: Your natural rate of healing is unusually
                  | fast. [Troll growth]
  1261 | D:2      | Reached XP level 4. HP: 44/44 MP: 3/3
  1826 | D:3      | Reached XP level 5. HP: 34/50 MP: 4/4
  1865 | D:3      | Noticed an orc warrior
  1874 | D:3      | Killed an orc warrior
  1874 | D:3      | Reached skill level 5 in Unarmed Combat
  1882 | D:3      | Reached XP level 6. HP: 29/59 MP: 5/5
  2316 | D:4      | Found Olof's Antique Armour Shoppe.
  2378 | D:4      | Bought a spiked cloak for 237 gold pieces
  2478 | D:4      | Found a basalt altar of Yredelemnul.
  2478 | D:4      | Found a shadowy altar of Dithmenos.
  2483 | D:4      | Found a blossoming altar of Fedhas.
  2489 | D:4      | Found an ancient bone altar of Kikubaaqudgha.
  2489 | D:4      | Noticed a sky beast
  2490 | D:4      | Found a glowing silver altar of Zin.
  2497 | D:4      | Killed a sky beast
  2524 | D:4      | Became a worshipper of Yredelemnul the Dark
  2693 | D:4      | Noticed a sky beast
  2694 | D:4      | Found a staircase to the Ecumenical Temple.
  2704 | D:4      | Killed a sky beast
  2704 | D:4      | Reached XP level 7. HP: 54/66 MP: 6/6
  3232 | D:5      | Entered Level 5 of the Dungeon
  3247 | D:5      | Reached skill level 1 in Invocations
  3423 | D:5      | Reached XP level 8. HP: 28/75 MP: 6/8
  3731 | D:5      | Found Luneuj's Book Emporium.
  4232 | D:6      | Found an opulent altar of Gozag.
  4304 | D:6      | Found the +7 lajatang of Order {silver, rMut}
  4555 | D:6      | Reached * piety under Yredelemnul
  4557 | D:6      | Reached skill level 5 in Fighting
  4865 | D:6      | Noticed a rime drake
  4891 | D:6      | Reached XP level 9. HP: 76/88 MP: 10/10
  5147 | D:6      | Reached skill level 5 in Shields
  5307 | D:7      | Noticed a troll
  5315 | D:7      | Killed a troll
  5374 | D:7      | Noticed Joseph
  5383 | D:7      | Killed Joseph
  5386 | D:7      | Noticed Pikel
  5391 | D:7      | Killed Pikel
  5391 | D:7      | Reached skill level 5 in Invocations
  5459 | D:7      | Reached ** piety under Yredelemnul
  5465 | D:7      | Noticed a death yak
  5465 | D:7      | Noticed a death yak
  5467 | D:7      | Noticed a death yak
  5531 | D:7      | Killed a death yak
  5531 | D:7      | Reached XP level 10. HP: 28/102 MP: 13/13
  5533 | D:7      | Slain by a death yak

Skill      XL: |  1  2  3  4  5  6  7  8  9 |
---------------+----------------------------+-----
Unarmed Combat | 3 4 5 6 7 |  7.2
Shields        | 3 4 5 |  5.7
Fighting       | 3 5 7 |  7.5
Invocations    | 1 3 5 |  5.8
Dodging        | |  2.4

Action                   |  1- 3 |  4- 6 |  7- 9 | 10-12 || total
-------------------------+-------+-------+-------+-------++-------
Melee: Unarmed           |   127 |   152 |   254 |     2 ||   535
  Use: Potion            |       |       |     3 |       ||     3
 Stab: Sleeping          |     2 |       |     1 |       ||     3
       Distracted        |       |       |     2 |       ||     2
  Eat: Chunk             |    11 |    10 |    19 |       ||    40
Armor: Skin              |    45 |    49 |    51 |     2 ||   147
Dodge: Dodged            |    49 |    25 |    79 |     3 ||   156
Block: Shield            |    58 |    73 |   110 |       ||   241
